 Dungeon Crawl Stone Soup version 0.31-a0-986-g5e6e4ef867 (webtiles) character file.

Game seed: 5065360954026922734

93 sammy202020 the Trooper (level 4, -6/29 HPs)
             Began as a Gargoyle Fighter on Nov 23, 2023.
             Killed from afar by Sigmund (11 damage)
             ... with a puff of flame
             ... on level 3 of the Dungeon.
             The game lasted 00:03:27 (2300 turns).

sammy202020 the Trooper (Gargoyle Fighter)          Turns: 2300, Time: 00:03:27

Health: -6/29      AC: 15    Str: 18 (19) XL:     4   Next: 62%
Magic:  4/4        EV:  7    Int:  8 (11) God:
Gold:   116        SH:  5    Dex:  7 (9)  Spells: 3/3 levels left

rFire   . . .        a - +0 flail
rCold   . . .        c - +1 buckler
rNeg    + . .        g - +0 chain mail
rPois   ∞            (no helmet)
rElec   +            (no cloak)
rCorr   .            e - +1 pair of gloves
SInv    .            (no boots)
Will    .....        (no amulet) Stlth
                     (no ring)
HPRegen 0.24/turn    (no ring)
MPRegen 0.09/turn

%: no passive effects
@: hasted, very quick
A: sickness immunity, AC +3, negative energy resistance 1, electricity
resistance, torment resistance 1, petrification resistance, subdued magic 1
a: no special abilities


You were on level 3 of the Dungeon.
You visited 1 branch of the dungeon, and saw 3 of its levels.

You collected 116 gold pieces.

Inventory:

Hand Weapons
 a - a +0 flail (weapon)
Missiles
 b - 7 poisoned darts
Armour
 c - a +1 buckler (worn)
 e - a +1 pair of gloves (worn)
 g - a +0 chain mail (worn)
Potions
 d - 2 potions of might
 f - a potion of curing
 h - a potion of haste
 i - a potion of brilliance {unknown}
 j - a potion of heal wounds {unknown}


   Skills:
 + Level 4.0 Fighting
 + Level 2.9 Maces & Flails
 + Level 4.0 Armour
 + Level 4.0 Shields


You had 3 spell levels left.
You didn't know any spells.
Your spell library contained the following spells:

 Spells                   Type           Power      Damage    Failure   Level
 Summon Ice Beast         Ice/Summ       0%         N/A       100%        4
 Summon Mana Viper        Hex/Summ       0%         N/A       100%        5
 Monstrous Menagerie      Summ           0%         N/A       100%        7


Dungeon Overview and Level Annotations

Branches:
Dungeon (3/15)

Altars:

Shops:
D:3 [

Annotations:
D:3 Sigmund


Innate Abilities, Weirdness & Mutations

You are immune to sickness and miasma.
Your stone body is resilient. (AC +3)
You are immune to poison.
You resist negative energy. (rN+)
You are resistant to electric shocks. (rElec)
You are resistant to unholy torment.
You are immune to petrification.
Your spells are a little easier to cast, but a little less powerful.


Message History

No target in view!
No target in view!
Something hits you.
Things that are here:
a +0 dagger; a +0 ring mail; an orc corpse You closely miss something.
You miss something. Something hits you.
You miss something. Something hits you but does no damage.
You barely miss something. Something hits you but does no damage.
You closely miss something. Something hits you but does no damage.
You miss something. Something hits you but does no damage.
You closely miss something. You barely miss something.
Something hits you but does no damage.
You barely miss something. Something hits you but does no damage.
You completely miss something. Something hits you but does no damage.
You miss something.
You hear some strange, mumbled words.
A magic dart appears from out of thin air!
The magic dart hits you.
You closely miss something. Something hits you but does no damage.
You barely miss something. Something hits you but does no damage.
You barely miss something. Something hits you.
You miss something. Something hits you.
* * * LOW HITPOINT WARNING * * *
You thump something! Something hits you but does no damage.
You miss something.
You feel yourself speed up. Something hits you but does no damage.
You hit something. Something hits you.
* * * LOW HITPOINT WARNING * * *
You miss something. You miss something. You block something's attack.
Sorry, you're not good enough to have a special ability.
You miss something. You closely miss something.
Something hits you but does no damage.
You miss something. You hit something.
You hear some strange, mumbled words.
A puff of flame appears from out of thin air!
The puff of flame hits you!
You die...

#.##.#.#.........#
#......#.###.....#
####.###.#...###.#
#######........##
##.
#####.......###.##.#
#. #......####.# #.#
# #. #.###.>####.#
#.. #.# #.....##.#
#### ..#
.......#@##.# ##.##
#.###...{...# #...#
#......#..### #...#
########.# #...# .#
#####...### $.
#.......... ..
........... ..#
#..........
#####...###


There were no monsters in sight!

Vanquished Creatures
  Terence (D:2)
  An adder (D:3)
  2 worms (D:2)
  A dart slug (D:1)
  3 orcs
  3 bats
  4 endoplasms
  3 giant cockroaches
  A goblin (D:2)
  5 hobgoblins
  4 quokkas
  7 ball pythons
  3 frilled lizards (D:1)
  4 kobolds
  5 rats
47 creatures vanquished.

Notes
Turn   | Place    | Note
-------+----------+-------------------------------------------
     0 | D:1      | sammy202020 the Gargoyle Fighter began the quest for the
                  | Orb.
     0 | D:1      | Reached XP level 1. HP: 14/14 MP: 1/1
   106 | D:1      | Reached XP level 2. HP: 7/19 MP: 2/2
  1154 | D:2      | Reached XP level 3. HP: 24/24 MP: 3/3
  1412 | D:2      | Noticed Terence
  1427 | D:2      | Killed Terence
  1428 | D:2      | Reached XP level 4. HP: 4/29 MP: 4/4
  1892 | D:2      | Gained mutation: Your spells are a little easier to cast,
                  | but a little less powerful. [potion of mutation]
  2188 | D:3      | Found a faded altar of an unknown god.
  2221 | D:3      | Found Ruyjiegho's Armour Shoppe.
  2265 | D:3      | Noticed Sigmund
  2300 | D:3      | Killed from afar by Sigmund

Illustrated notes

Levels and vault maps discovered:
D:1:      minmay_arrival_five_plusses, layout_basic, st_stairs_13,
          roderic_lattice_a, chequers_serial_rivers_micro_b
D:2:      layout_loops_ring, uniq_terence
D:3:      layout_loops_cross, yredelemnul_altar_generic,
          shapermc_ecumenical_altar_notcrosses, serial_shops,
          nicolae_shop_tiny_waterfront, uniq_sigmund

Skill      XL: |  1  2  3  4 |
---------------+-------------+-----
Fighting       | 4 |  4.0
Shields        | 4 |  4.0
Armour         | 4 |  4.0
Maces & Flails | |  2.9

Action                     |  1- 3 |  4- 6 || total
---------------------------+-------+-------++-------
  Melee: Flail             |   117 |    71 ||   188
    Use: Scroll            |     1 |     2 ||     3
         Potion            |       |     6 ||     6
 Armour: Scale mail        |    30 |       ||    30
         Chain mail        |    41 |    70 ||   111
  Dodge: Dodged            |    48 |    20 ||    68
  Block: Buckler           |    29 |    13 ||    42

Table legend: (Time is in decaauts)
 A = Elapsed time spent in this place.
 B = Non-inter-level travel time spent in this place.
 C = Inter-level travel time spent in this place.
 D = Time resting spent in this place.
 E = Time spent auto-exploring this place.
 F = Levels seen in this place.
 G = Mean time per level.
                   A        B        C        D        E       F      G
               +--------+--------+--------+--------+--------+-----+--------+
         Total |   2340 |   2275 |     65 |     46 |   1763 |   3 |  780.0 |
       Dungeon |   2340 |   2275 |     65 |     46 |   1763 |   3 |  780.0 |
               +--------+--------+--------+--------+--------+-----+--------+

Top non-repeatable levels by time:
     D:1: 1169 daAuts
     D:2: 815 daAuts
     D:3: 355 daAuts
